 Dungeon Crawl Stone Soup version 0.31.0-32-g396128a36d (webtiles) character file.

Game seed: 5284587638815252422

102 GiantSquids the Chopper (level 4, -6/39 HPs)
             Began as a Hill Orc Fighter on Apr 17, 2024.
             Killed by nerve-wracking pain
             ... invoked by Jessica
              (9 damage)
             ... on level 2 of the Dungeon.
             The game lasted 00:02:39 (1143 turns).

GiantSquids the Chopper (Hill Orc Fighter)          Turns: 1143, Time: 00:02:39

Health: -6/39      AC:  9    Str: 20    XL:     4   Next: 78%
Magic:  4/4        EV: 10    Int:  8    God:
Gold:   61         SH:  4    Dex: 10    Spells: 3/3 levels left

rFire   + . .        a - +0 war axe
rCold   . . .        c - +0 buckler
rNeg    . . .        m - +4 ring mail {rF+}
rPois   .            (no helmet)
rElec   .            (no cloak)
rCorr   .            (no gloves)
SInv    .            (no boots)
Will    .....        (no amulet) Stlth
                     (no ring)
HPRegen 0.26/turn    (no ring)
MPRegen 0.09/turn

%: no passive effects
@: no status effects
A: no striking features
a: no special abilities


You were on level 2 of the Dungeon.
You visited 1 branch of the dungeon, and saw 2 of its levels.

You collected 61 gold pieces.

Inventory:

Hand Weapons
 a - a +0 war axe (weapon)
Armour
 c - a +0 buckler (worn)
 m - a +4 ring mail of fire resistance (worn)
Jewellery
 h - a +6 ring of intelligence
Wands
 j - a wand of polymorph (8)
Scrolls
 b - a scroll of enchant armour {unknown}
 e - 3 scrolls of vulnerability {unknown}
 i - a scroll of teleportation {unknown}
 l - 2 scrolls of torment {unknown}
Potions
 d - a potion of might
 f - a potion of heal wounds {unknown}
 g - a potion of cancellation {unknown}


   Skills:
 - Level 3.6 Fighting
 + Level 6.4 Axes
 - Level 3.2 Armour
 - Level 3.2 Shields


You had 3 spell levels left.
You didn't know any spells.
Your spell library was empty.

Dungeon Overview and Level Annotations

Branches:
Dungeon (2/15)

Altars:

Annotations:
D:2 Jessica


Message History

You are poisoned.
The adder poisons you!
You see here a bat corpse.
You miss the adder.
You feel sick. The adder bites you.
You are more poisoned.
The adder poisons you!
You hit the adder.
The adder is heavily wounded.
You feel very sick. The adder misses you. You block the adder's attack.
You closely miss the adder.
The adder is heavily wounded.
You feel sick. The adder barely misses you. The adder bites you.
You closely miss the adder.
The adder is heavily wounded.
You feel sick. The adder closely misses you.
You miss the adder.
The adder is heavily wounded.
You feel sick. The adder closely misses you.
The adder bites you but does no damage.
You miss the adder.
The adder is heavily wounded.
You feel sick. The adder bites you.
You closely miss the adder.
The adder is heavily wounded.
You feel sick. You block the adder's attack.
Jessica casts a spell.
Jessica blinks!
The adder closely misses you.
You slash the adder!
You kill the adder!
You feel sick.
You are no longer poisoned.
Jessica gestures at you while chanting. Pain shoots through your body!
* * * LOW HITPOINT WARNING * * *
You see here an adder corpse.
You see here a bat corpse.
Jessica points at you and mumbles some strange words.
Pain shoots through your body!
You die...

...# #.#.#
.#.# #.#.#
##.# #.#.#
##.# #.#.#
....... #.#.#
.##[### #.#.#
.# .# #.#.#
.# .#
######[#.# .#
.#
####....#@#.#
..
........#†..#
.. #..†#..#
#.#.#..#
#......#
#@###.## #.
#.# .. #.#
.## ..#


You could see Jessica.

Vanquished Creatures
  Terence (D:2)
  4 adders (D:2)
  4 bats
  4 endoplasms
  A giant cockroach (D:1)
  2 goblins (D:1)
  6 hobgoblins
  3 kobolds
  2 quokkas (D:1)
  5 ball pythons (D:1)
  4 frilled lizards
  5 rats (D:1)
41 creatures vanquished.

Notes
Turn   | Place    | Note
-------+----------+-------------------------------------------
     0 | D:1      | GiantSquids the Hill Orc Fighter began the quest for the
                  | Orb.
     0 | D:1      | Reached XP level 1. HP: 19/19 MP: 1/1
    42 | D:1      | Reached skill level 3 in Axes
   105 | D:1      | Reached XP level 2. HP: 26/26 MP: 2/2
   180 | D:1      | Reached skill level 4 in Axes
   418 | D:1      | Reached XP level 3. HP: 30/31 MP: 3/3
   806 | D:2      | Reached skill level 5 in Axes
   991 | D:2      | Reached XP level 4. HP: 39/39 MP: 4/4
  1026 | D:2      | Noticed Terence
  1033 | D:2      | Killed Terence
  1034 | D:2      | Reached skill level 6 in Axes
  1127 | D:2      | Noticed Jessica
  1143 | D:2      | Killed from afar by Jessica

Illustrated notes

Levels and vault maps discovered:
D:1:      heliophobic_arrival_henge, layout_loops_ring, minmay_misc_feat_five,
          solitary_fountain, serial_park_tiny_2, minmay_bisected
D:2:      layout_loops_ring, serial_shops, nicolae_shop_rolled_up,
          minmay_split_cup_large, uniq_crazy_yiuf_cottage, uniq_jessica,
          uniq_terence

Skill      XL: |  1  2  3  4 |
---------------+-------------+-----
Axes           | 3 4 5 6 |  6.4
Fighting       | |  3.6
Armour         | |  3.2
Shields        | |  3.2

Action                     |  1- 3 |  4- 6 || total
---------------------------+-------+-------++-------
  Melee: War axe           |    95 |    24 ||   119
 Armour: Scale mail        |    71 |    11 ||    82
         Ring mail         |       |     5 ||     5
  Dodge: Dodged            |    46 |     8 ||    54
  Block: Buckler           |    13 |     3 ||    16
